 Dungeon Crawl Stone Soup version 0.30-a0-172-gc5509c9e31 (webtiles) character file.

Game seed: 1579677457842827972

7394 blackman the Carver (level 10, -2/74 HPs)
             Began as a Demigod Wanderer on Oct 2, 2022.
             Succumbed to a hornet's poison
             ... on level 9 of the Dungeon.
             The game lasted 00:15:31 (8463 turns).

blackman the Carver (Demigod Wanderer)              Turns: 8463, Time: 00:15:31

Health: -2/74      AC:  8    Str: 10    XL:     10   Next: 61%
Magic:  13/13      EV: 26    Int: 12    God:
Gold:   581        SH:  0    Dex: 36    Spells: 9/9 levels left

rFire   . . .      SeeInvis .    v - +0 scimitar
rCold   . . .      Faith    .    (no shield)
rNeg    . . .      Spirit   .    p - +0 ring mail
rPois   .          Reflect  .    (no helmet)
rElec   .          Harm     .    d - +0 cloak
rCorr   .          Rampage  .    O - +0 pair of gloves
Will    +....                    F - +0 pair of boots
Stlth   ++........               n - amulet of magic regeneration
HPRegen 0.32/turn                D - +4 ring of evasion
MPRegen 0.53/turn                i - +6 ring of dexterity

@: lethally poisoned (-2 -> -19), hasted and slowed
A: high MP 1, forlorn, divine attributes
a: no special abilities


You were on level 9 of the Dungeon.
You visited 1 branch of the dungeon, and saw 9 of its levels.
You also visited: Sewer.

You collected 581 gold pieces.

Inventory:

Hand Weapons
 a - a +1 short sword
 v - a +0 scimitar (weapon)
Missiles
 m - 7 poisoned darts (quivered)
 o - a throwing net
 N - 4 curare-tipped darts
Armour
 b - a +2 leather armour
 d - a +0 cloak (worn)
 p - a +0 ring mail (worn)
 y - a +0 chain mail
 F - a +0 pair of boots (worn)
 O - a +0 pair of gloves (worn)
Jewellery
 i - a +6 ring of dexterity (right hand)
 l - a ring of see invisible
 n - an amulet of magic regeneration (around neck)
 r - a +6 ring of strength
 D - a +4 ring of evasion (left hand)
 P - a +6 ring of strength
Wands
 A - a wand of acid (16)
 B - a wand of flame (50)
Scrolls
 c - a scroll of fog
 e - 3 scrolls of enchant armour {unknown}
 h - 3 scrolls of magic mapping {unknown}
 j - 3 scrolls of amnesia {unknown}
 k - 8 scrolls of identify {unknown}
 s - a scroll of poison {unknown}
 t - 2 scrolls of torment {unknown}
 u - 2 scrolls of blinking
 w - a scroll of noise {unknown}
 z - 5 scrolls of fear {unknown}
 E - a scroll of enchant weapon
 G - a scroll of teleportation
 I - a scroll of brand weapon {unknown}
 K - a scroll of vulnerability {unknown}
 M - 2 scrolls of immolation {unknown}
Potions
 f - a potion of magic
 g - 2 potions of degeneration
 q - 2 potions of brilliance {unknown}
 x - 2 potions of haste
 C - 2 potions of lignification {unknown}
 H - 2 potions of flight {unknown}
 J - a potion of heal wounds {unknown}
 L - a potion of ambrosia {unknown}


   Skills:
 - Level 2.6 Fighting
 - Level 1.7(9.4) Short Blades
 - Level 14.3(14.4) Long Blades
 * Level 10.6 Dodging


You had 9 spell levels left.
You didn't know any spells.
Your spell library contained the following spells:

 Spells                   Type           Power      Damage    Failure   Level
 Sandblast                Erth           0%         2d4       65%         1
 Slow                     Hex            0%         N/A       65%         1
 Blink                    Tloc           0%         N/A       78%         2
 Cigotuvi's Dreadful Rot  Necr/Pois/Air  0%         N/A       78%         2
 Passwall                 Tmut/Erth      0%         N/A       78%         2
 Confusing Touch          Hex            0%         N/A       95%         3
 Stone Arrow              Conj/Erth      0%         3d7       95%         3
 Vampiric Draining        Necr           0%         2d6       95%         3
 Dispel Undead            Necr           0%         3d6       100%        4
 Manifold Assault         Tloc           0%         N/A       100%        4
 Petrify                  Tmut/Erth      0%         N/A       100%        4
 Metabolic Englaciation   Hex/Ice        0%         N/A       100%        5
 Death Channel            Necr           0%         N/A       100%        6
 Statue Form              Tmut/Erth      0%         N/A       100%        6
 Storm Form               Tmut/Air       0%         N/A       100%        7


Dungeon Overview and Level Annotations

Branches:
Dungeon (9/15)             Temple (0/1) D:4           Sewer (visited)
   Lair: D:8-11         Orc: D:9-12

Shops:
D:1 ?[   D:4 *

Annotations:
D:6 3 runed translucent doors, porpoise's ghost, novice KoBr
D:9 Maurice


Innate Abilities, Weirdness & Mutations

You have an increased reservoir of magic. (+10% MP)
You shall have no god before yourself.
Your divine heritage dramatically boosts your attributes as you level up.


Message History

You hit the yak.
The yak is severely wounded.
You hit the yak.
The yak is almost dead.
The yak misses you.
You hit the yak.
The yak is almost dead.
The yak gores you but does no damage.
You slash the yak!
You kill the yak!
You slash the hornet!
The hornet is moderately wounded.
The hornet misses you.
You slash the hornet!
The hornet is severely wounded.
The hornet completely misses you.
You barely miss the hornet.
The hornet is severely wounded.
The hornet stings you!
You suddenly lose the ability to move!
The hornet stings you but does no damage.
The hornet stings you!
* * * LOW HITPOINT WARNING * * *
You feel yourself slow down.
You feel yourself speed up. The hornet stings you!
* * * LOW HITPOINT WARNING * * *
You are poisoned.
You feel yourself slow down.
You feel yourself speed up.
You feel sick. The hornet stings you.
* * * LOW HITPOINT WARNING * * *
You feel yourself slow down. The hornet stings you.
* * * LOW HITPOINT WARNING * * *
You are more poisoned.
You feel as though you will be slow longer.
You can move again.
You are too injured to fight recklessly!
It was a potion of haste.
You feel yourself speed up.
You die...

#.<....c....
#......#.#.....#
###....#.# ..D.#
#.##.#.# #Y### ...
#.#.#.c.l. #.#
#.#.#..# .# ...
#.#...# ..
########.#.# #.# #
#..@y....#.# ... #.
#.######.).###.###
#.###.#######.........
#...........#)........
#.........##.).....#
#..†....).##)#####.#
#<......)....#
##........####
#........#


You could see a hornet.

Vanquished Creatures
  A boulder beetle (D:7)
  A centaur warrior (D:9)
  A two-headed ogre (D:8)
  Joseph (D:7)
  Psyche (D:8)
  Prince Ribbit (D:7)
  Grinder (D:6)
  A shadow (D:7)
  A wyvern (D:9)
  2 yaks (D:9)
  3 steam dragons
  7 water moccasins
  An orc warrior (D:8)
  2 ice beasts (D:7)
  A sky beast (D:8)
  4 ogres
  A centaur (D:6)
  2 phantoms
  A kobold brigand (D:9)
  2 necrophages
  5 bullfrogs
  3 scorpions
  7 wights
  6 killer bees
  2 hounds
  2 jellies
  3 orc priests
  5 iguanas
  6 orc wizards
  9 adders
  An ufetubus (D:5)
  2 worms
  4 dart slugs
  30 orcs
  18 ball pythons
  7 bats
  6 endoplasms
  7 giant cockroaches
  13 goblins
  9 hobgoblins
  4 jackals (D:1)
  12 kobolds
  8 quokkas
  17 frilled lizards
  4 rats
225 creatures vanquished.

Notes
Turn   | Place    | Note
-------+----------+-------------------------------------------
     0 | D:1      | blackman the Demigod Wanderer began the quest for the Orb.
     0 | D:1      | blackman set off with the following items: a +1 short
                  | sword, a +2 leather armour, a scroll of fog.
     0 | D:1      | Reached XP level 1. HP: 18/18 MP: 3/3
    35 | D:1      | Reached skill level 1 in Long Blades
   113 | D:1      | Found Ker Mio's Magic Scroll Shop.
   184 | D:1      | Reached XP level 2. HP: 19/25 MP: 4/4
   363 | D:1      | Reached skill level 2 in Long Blades
   447 | D:1      | Found Sets's Antique Weapon Shoppe.
   637 | D:1      | Found Ockynim's Armour Shoppe.
   692 | D:1      | Reached XP level 3. HP: 30/30 MP: 5/5
   999 | D:2      | Reached skill level 3 in Long Blades
  1667 | D:3      | Reached XP level 4. HP: 37/37 MP: 6/6
  2147 | D:4      | Noticed a phantom
  2160 | D:4      | Reached skill level 4 in Long Blades
  2209 | D:4      | Reached XP level 5. HP: 23/42 MP: 7/7
  2322 | D:4      | Reached skill level 5 in Long Blades
  2421 | D:4      | Found a glowing drain.
  2425 | Sewer    | Entered a sewer
  2723 | Sewer    | Reached XP level 6. HP: 33/50 MP: 8/8
  2827 | Sewer    | Reached skill level 6 in Long Blades
  2847 | Sewer    | Identified a scroll of acquirement
  2847 | Sewer    | Acquired a manual of Long Blades
  2895 | D:4      | Found a staircase to the Ecumenical Temple.
  3005 | D:5      | Entered Level 5 of the Dungeon
  3471 | D:4      | Reached skill level 7 in Long Blades
  3498 | D:4      | Reached XP level 7. HP: 38/56 MP: 9/9
  3644 | D:4      | Reached skill level 8 in Long Blades
  3763 | D:4      | Found Rinorru's Serpentskin Sales.
  3774 | D:4      | Reached skill level 9 in Long Blades
  3776 | D:4      | Reached skill level 10 in Long Blades
  3782 | D:4      | HP: 2/56 [poisoned by a water moccasin]
  4713 | D:5      | Reached skill level 11 in Long Blades
  4713 | D:5      | Reached XP level 8. HP: 47/62 MP: 10/10
  5165 | D:5      | Reached skill level 12 in Long Blades
  5485 | D:6      | Noticed Grinder
  5498 | D:6      | Killed Grinder
  5499 | D:6      | Reached skill level 13 in Long Blades
  5855 | D:6      | Found a runed translucent gate.
  5855 | D:6      | Found a runed translucent gate.
  5855 | D:6      | Found a runed translucent gate.
  5855 | D:6      | Noticed porpoise's ghost (novice KoBr)
  6256 | D:7      | Reached XP level 9. HP: 41/68 MP: 11/11
  6438 | D:7      | Reached skill level 14 in Long Blades
  6551 | D:7      | Noticed Prince Ribbit
  6571 | D:7      | Killed Prince Ribbit
  6572 | D:7      | Reached skill level 5 in Dodging
  6745 | D:7      | Noticed Joseph
  6753 | D:7      | Killed Joseph
  7077 | D:8      | Noticed a two-headed ogre
  7077 | D:8      | Noticed a boulder beetle
  7095 | D:7      | Killed a boulder beetle
  7378 | D:7      | Reached XP level 10. HP: 61/74 MP: 13/13
  7500 | D:8      | Killed a two-headed ogre
  7544 | D:8      | Noticed Psyche
  7550 | D:8      | Killed Psyche
  8052 | D:9      | Noticed Maurice
  8054 | D:9      | Noticed a centaur warrior
  8420 | D:9      | Killed a centaur warrior
  8421 | D:9      | Reached skill level 10 in Dodging
  8459 | D:9      | Paralysed by a hornet for 3 turns
  8463 | D:9      | Succumbed to a hornet's poison

Illustrated notes

Levels and vault maps discovered:
D:1:      amcnicky_arrival_double_pillar, layout_basic, serial_shops, shop,
          shop, shop_fountains, st_stairs_11
D:2:      cheibrodos_greedy_goblins, layout_basic,
          dreamdust_ecumenical_altar_statues, minmay_tromino_v7
D:3:      layout_rooms, old_standard_altar, chequers_serial_rivers_small_3,
          grunt_ministairs_12
D:4:      layout_rooms, minmay_temple_entry_offerings, gup_sewer_entry_bowl,
          guppyfry_shop_venom
D:5:      layout_basic, mainiacjoe_overflow_paths, tso_oasis_becter
D:6:      layout_loops_ring, vehumet_altar_wand_db, ebering_ghost_rock_garden,
          uniq_grinder
D:7:      layout_rooms, mainiacjoe_overflow_alcove_4, old_standard_altar,
          overflow_temple_1_default, uniq_joseph, uniq_prince_ribbit1
D:8:      layout_rooms, uniq_psyche
D:9:      minmay_the_grid_square_5x5_3x3 [minmay_the_grid_square_5x5_three,
          minmay_the_grid_square_5x5_empty, minmay_the_grid_square_5x5_inner_v,
          minmay_the_grid_square_5x5_inner_i,
          minmay_the_grid_square_5x5_megaprize_checkered,
          minmay_the_grid_square_5x5_moneybag, minmay_the_grid_square_5x5_lines,
          minmay_the_grid_square_5x5_tri_point,
          minmay_the_grid_square_5x5_gyroscope], layout_basic, uniq_maurice

Skill      XL: |  1  2  3  4  5  6  7  8  9 10 |
---------------+-------------------------------+-----
Long Blades    | 1 2 3 4 5 7 11 13 14 | 14.3
Dodging        | 7 10 | 10.6
Fighting       | |  2.6
Short Blades   | |  1.7

Action                   |  1- 3 |  4- 6 |  7- 9 | 10-12 || total
-------------------------+-------+-------+-------+-------++-------
Melee: Short sword       |   163 |    11 |       |       ||   174
       Punch             |     2 |     2 |     5 |       ||     9
       Falchion          |       |   189 |       |       ||   189
       Scimitar          |       |    22 |   215 |   115 ||   352
Throw: Dart              |       |     1 |     8 |       ||     9
       Throwing net      |       |       |     1 |     1 ||     2
Evoke: Wand              |       |       |       |     2 ||     2
  Use: Scroll            |       |     5 |       |       ||     5
       Potion            |       |     4 |     1 |     1 ||     6
 Stab: Sleeping          |     7 |     3 |     9 |       ||    19
       Held in net/web   |       |       |     1 |       ||     1
Armor: Leather armour    |    43 |     2 |       |       ||    45
       Ring mail         |       |   105 |    32 |    19 ||   156
Dodge: Dodged            |    96 |   263 |   114 |    91 ||   564

Table legend: (Time is in decaauts)
 A = Elapsed time spent in this place.
 B = Non-inter-level travel time spent in this place.
 C = Inter-level travel time spent in this place.
 D = Time resting spent in this place.
 E = Time spent auto-exploring this place.
 F = Levels seen in this place.
 G = Mean time per level.
                   A        B        C        D        E       F      G
               +--------+--------+--------+--------+--------+-----+--------+
         Total |   8439 |   8216 |    223 |   1779 |   4884 |  10 |  843.9 |
       Dungeon |   7941 |   7718 |    223 |   1779 |   4636 |   9 |  882.3 |
         Sewer |    498 |    498 |      0 |      0 |    248 |   1 |  498.0 |
               +--------+--------+--------+--------+--------+-----+--------+

Top non-repeatable levels by time:
     D:5: 1563 daAuts
     D:4: 1255 daAuts
     D:7: 1132 daAuts
     D:8: 905 daAuts
     D:2: 863 daAuts
     D:6: 831 daAuts
     D:1: 750 daAuts
     D:3: 520 daAuts
   Sewer: 498 daAuts
     D:9: 118 daAuts
